cohdb
Replays
Latest Replays
All Replays
Popular Replays
Top Player Replays
Match Explorer
How It Works
Community
CoH3 Stats
Reddit
Sign in to upload your games and track your stats! →
Sign in with Steam
Match 44600939
Unlisted
Match 44600939
Overview
Messages
Build Orders
End
Construct Section Command Post
Selects Canadian Shock Battlegroup
Infantry Section
Dingo Light Scout Car
Infantry Section
Infantry Section
Construct Platoon Command Post
Humber Armored Car
CMP 15cwt Truck
Vickers Machine Gun Team
Construct Company Command Post
Selects Attacking Spirit
Selects Canadian Shock Section
Selects Incendiary Munitions
Crusader II Medium Tank
Forward Retreat Point
Infantry Training
Selects Pyrotechnics
Ξ Striker
Arturokq
HERO
jackson-fm
Brohner
ClutchMeister
0
0
Comments
sign in to comment!
No comments posted yet!